 Dungeon Crawl Stone Soup version 0.30.0-29-ga12c61a403 (webtiles) character file.

Game seed: 9798424087847577783

153 LustLizard the Ruffian (level 4, -6/36 HPs)
             Began as a Demigod Transmuter on June 8, 2023.
             Mangled by a gnoll
             ... wielding a +0 flail
              (10 damage)
             ... on level 3 of the Dungeon.
             The game lasted 00:03:14 (2808 turns).

LustLizard the Ruffian (Demigod Transmuter)         Turns: 2808, Time: 00:03:14

Health: -6/36      AC:  2    Str: 15    XL:     4   Next: 88%
Magic:  10/10      EV: 12    Int: 15    God:
Gold:   157        SH:  0    Dex: 14    Spells: 4/7 levels left

rFire   . .          .
                       - Unarmed
rCold   . . .        (no shield)
rNeg    . . .        a - +0 robe
rPois   .            (no helmet)
rElec   .            (no cloak)
rCorr   .            (no gloves)
SInv    .            (no boots)
Will    .....        (no amulet)
Stlth   +            g - ring of flight
HPRegen 0.26/turn    (no ring)
MPRegen 0.12/turn

%: no passive effects
@: flying
A: high MP 1, forlorn, divine attributes
a: no special abilities


You were on level 3 of the Dungeon.
You visited 1 branch of the dungeon, and saw 3 of its levels.

You collected 157 gold pieces.

Inventory:

Armour
 a - a +0 robe (worn)
Jewellery
 g - a ring of flight (left hand)
Scrolls
 e - a scroll of fear {unknown}
 f - a scroll of blinking {unknown}
 h - 2 scrolls of noise {unknown}
 i - a scroll of amnesia {unknown}
 j - a scroll of poison {unknown}
 m - 2 scrolls of immolation {unknown}
 n - 3 scrolls of identify {unknown}
 o - 2 scrolls of enchant weapon {unknown}
 p - 2 scrolls of teleportation {unknown}
Potions
 b - a potion of lignification
 c - a potion of curing {unknown}
 d - 2 potions of might {unknown}
 k - 2 potions of mutation {unknown}
 l - a potion of attraction {unknown}
 q - a potion of degeneration {unknown}
 r - a potion of cancellation {unknown}


   Skills:
 + Level 1.9 Fighting
 - Level 1.7 Dodging
 * Level 3.8 Unarmed Combat
 + Level 2.3 Spellcasting
 * Level 3.1 Transmutations


You had 4 spell levels left.
You knew the following spells:

 Your Spells              Type           Power      Damage    Failure   Level
a - Beastly Appendage     Tmut           22%        N/A       6%          1
b - Wereblood             Tmut           11%        N/A       9%          2

Your spell library contained the following spells:

 Spells                   Type           Power      Damage    Failure   Level
 Spider Form              Tmut/Pois      6%         N/A       32%         3
 Ice Form                 Ice/Tmut       6%         N/A       73%         4
 Simulacrum               Ice/Necr       0%         N/A       100%        6
 Ozocubu's Refrigeration  Ice            0%         4d7       100%        7
 Polar Vortex             Ice            0%         N/A       100%        9


Dungeon Overview and Level Annotations

Branches:
Dungeon (3/15)

Annotations:
D:1 2 transporters


Innate Abilities, Weirdness & Mutations

You have an increased reservoir of magic. (+10% MP)
You shall have no god before yourself.
Your divine heritage dramatically boosts your attributes as you level up.


Message History

Your headbutt misses the gnoll.
The gnoll is almost dead.
The gnoll closely misses you.
You hit the gnoll.
You kill the gnoll!
No target in view!
Your transformation is almost over.
An endoplasm comes into view.
An endoplasm is nearby!
An endoplasm is nearby!
A gnoll comes into view. It is wielding a +0 flail.
Found a stone staircase leading down.
The gnoll shouts!
The endoplasm quivers.
You hear a shout!
The gnoll closely misses you.
You hit the gnoll.
The gnoll is lightly wounded.
The gnoll barely misses you.
A gnoll comes into view. It is wielding a +0 whip.
You hit the gnoll but do no damage. You claw the gnoll.
Your headbutt misses the gnoll.
The gnoll is moderately wounded.
You barely miss the gnoll. Your kick misses the gnoll.
You headbutt the gnoll, but do no damage.
The gnoll is moderately wounded.
The gnoll hits you with a +0 flail! The gnoll closely misses you.
You closely miss the gnoll. Your kick misses the gnoll. You headbutt the gnoll!
The gnoll is almost dead.
The gnoll misses you. The gnoll hits you with a +0 whip!
You hit the gnoll but do no damage.
The gnoll is almost dead.
The gnoll hits you with a +0 flail! The gnoll hits you with a +0 whip!
* * * LOW HITPOINT WARNING * * *
You are too injured to fight recklessly!
You are too injured to fight recklessly!
Unknown command.
Your horns disappear.
Your talons disappear.
The gnoll hits you with a +0 flail!
You die...

....#####.# #
###.........
#.#........#.#
######^#.#...##..†.
...##............#
#)####.##..####.# #
#......†.........
#.###.###..##.#####..
#Jg.@.# #..##.# #..
###g### #..##.# #..
#.# #..##.# .. #.#
#..##.. #.# #..####
#.# #..# #.# #... >..


You could see 2 gnolls and an endoplasm.

Vanquished Creatures
  An orc priest (D:3)
  4 gnolls
  2 adders (D:2)
  A dart slug (D:2)
  A worm (D:2)
  4 orcs
  5 bats
  4 endoplasms
  2 giant cockroaches
  8 goblins
  8 hobgoblins
  4 kobolds
  A quokka (D:2)
  5 ball pythons
  2 frilled lizards (D:2)
  5 rats
57 creatures vanquished.

Notes
Turn   | Place    | Note
-------+----------+-------------------------------------------
     0 | D:1      | LustLizard the Demigod Transmuter began the quest for the
                  | Orb.
     0 | D:1      | Reached XP level 1. HP: 15/15 MP: 5/5
    13 | D:1      | Reached skill level 1 in Fighting
   222 | D:1      | Reached XP level 2. HP: 16/23 MP: 5/7
   954 | D:2      | Reached XP level 3. HP: 28/28 MP: 6/8
  1000 | D:2      | Learned a level 2 spell: Wereblood
  1683 | D:2      | Reached XP level 4. HP: 22/35 MP: 8/10
  2808 | D:3      | Mangled by a gnoll

Illustrated notes

Levels and vault maps discovered:
D:1:      spicycebolla_arrival_transporter_tutorial, layout_loops_cross
D:2:      layout_basic, minmay_increasing_density
D:3:      layout_loops_ring

Skill      XL: |  1  2  3  4 |
---------------+-------------+-----
Fighting       | 1 |  1.9
Transmutations | 2 3 |  3.1
Unarmed Combat | 3 |  3.8
Spellcasting   | 2 |  2.3
Dodging        | |  1.7

Action                     |  1- 3 |  4- 6 || total
---------------------------+-------+-------++-------
  Melee: Unarmed           |    98 |    45 ||   143
         Kick              |    28 |    10 ||    38
         Headbutt          |    11 |     7 ||    18
         Punch             |     2 |       ||     2
   Cast: Beastly Appendage |    26 |     9 ||    35
         Wereblood         |     1 |       ||     1
   Stab: Sleeping          |     1 |       ||     1
 Armour: Robe              |    14 |     2 ||    16
  Dodge: Dodged            |    59 |    25 ||    84
